 Dungeon Crawl Stone Soup version 0.30.1-11-g7821555f0a (webtiles) character file.

Game seed: 16372410382808614469

11235 pkoi the Skirmisher (level 11, -12/89 HPs)
             Began as a Pale Draconian Hunter on Nov 20, 2023.
             Was the Champion of Cheibriados.
             Mangled by a cacodemon (13 damage)
             ... on level 1 of the Abyss.
             The game lasted 00:24:17 (11026 turns).

pkoi the Skirmisher (Pale Draconian Hunter)        Turns: 11026, Time: 00:24:18

Health: -12/89     AC: 13    Str: 26    XL:     11   Next: 46%
Magic:  0/28       EV: 18    Int: 28    God:    Cheibriados [******]
Gold:   1109       SH:  0    Dex: 31    Spells: 10/20 levels left

rFire   . . .        E - +1 sling (elec)
rCold   . . .        (no shield)
rNeg    . . .        (body armour unavailable)
rPois   .            G - +2 hat {Will+}
rElec   .            g - +1 cloak
rCorr   +            h - +1 pair of gloves
SInv    .            (no boots)
Will    +....        s - amulet of guardian spirit
Stlth   ++           l - ring of resist corrosion
HPRegen 0.34/turn    d - ring of magical power
MPRegen 0.21/turn

%: guardian spirit
@: confused, short of breath, very slow
A: breathe steam, AC +7, unfitting armour, cold-blooded, steam resistance,
hooves 1, weak 1
a: Breathe Steam, Renounce Religion, Bend Time, Temporal Distortion, Slouch,
Step From Time


You were on level 1 of the Abyss.
You worshipped Cheibriados.
Cheibriados was exalted by your worship.
You visited 2 branches of the dungeon, and saw 11 of its levels.
You visited the Abyss 1 time.
You also visited: Sewer and Bailey.

You collected 1259 gold pieces.
You spent 150 gold pieces at shops.

Inventory:

Hand Weapons
 a - a +0 shortbow of draining
 E - a +1 sling of electrocution (weapon)
 L - a +4 dagger of venom
Missiles
 j - 4 throwing nets
Armour
 g - a +1 cloak (worn)
 h - a +1 pair of gloves (worn)
 G - a +2 hat of willpower (worn)
Magical Staves
 H - a staff of air
Jewellery
 b - an amulet of the acrobat
 c - a ring of fire
 d - a ring of magical power (right hand)
 l - a ring of resist corrosion (left hand)
 o - a ring of protection from fire
 s - an amulet of guardian spirit (around neck)
 v - an amulet of faith
 C - a ring of positive energy
Wands
 t - a wand of light (11)
 w - a wand of mindburst (25)
 y - a wand of iceblast (5)
 D - a wand of charming (11)
 I - a wand of flame (13)
Scrolls
 i - 6 scrolls of identify
 m - 3 scrolls of teleportation
 p - 4 scrolls of magic mapping
 r - a scroll of butterflies
 u - a scroll of enchant weapon
 J - a scroll of amnesia
Potions
 f - 6 potions of curing
 k - a potion of might
 n - a potion of berserk rage
 q - a potion of flight
 x - 2 potions of lignification
 z - a potion of resistance
 A - a potion of cancellation
 B - 3 potions of brilliance


   Skills:
 - Level 6.0 Fighting
 + Level 9.1 Ranged Weapons
 - Level 6.0 Dodging
 + Level 8.5 Stealth
 + Level 5.4 Spellcasting
 - Level 3.0 Conjurations
 + Level 5.4 Summonings
 + Level 6.9 Air Magic


You had 10 spell levels left.
You knew the following spells:

 Your Spells              Type           Power      Damage    Failure   Level
a - Static Discharge      Conj/Air       70%        2-5/arc   1%          2
b - Airstrike             Air            23%        2d(4-20)  3%          4
c - Summon Lightning Spi  Summ/Air       42%        N/A       4%          4

Your spell library contained the following spells:

 Spells                   Type           Power      Damage    Failure   Level
 Magic Dart               Conj           96%        1d7       1%          1
 Shock                    Conj/Air       100%       1d9       1%          1
 Call Imp                 Summ           76%        N/A       1%          2
 Call Canine Familiar     Summ           38%        N/A       1%          3
 Kiss of Death            Conj/Necr      60%        2d10      3%          1
 Mephitic Cloud           Conj/Pois/Air  26%        N/A       4%          3
 Freeze                   Ice            28%        1d5       6%          1
 Lesser Beckoning         Tloc           14%        N/A       10%         2
 Passwall                 Tmut/Erth      5%         N/A       10%         2
 Hailstorm                Conj/Ice       15%        3d5       11%         3
 Confusing Touch          Hex            7%         N/A       19%         3
 Frozen Ramparts          Ice            14%        1d3       19%         3
 Gell's Gravitas          Tloc           7%         N/A       19%         3
 Portal Projectile        Hex/Tloc       14%        N/A       19%         3
 Teleport Other           Tloc           7%         N/A       19%         3
 Tukima's Dance           Hex            7%         N/A       19%         3
 Arcjolt                  Conj/Air       17%        1d27      24%         5
 Iskenderun's Mystic Bla  Conj/Tloc      15%        2d5       34%         4
 Summon Forest            Summ/Tloc      11%        N/A       50%         5
 Summon Mana Viper        Hex/Summ       22%        N/A       50%         5
 Dispel Undead            Necr           7%         3d8       54%         4
 Leda's Liquefaction      Hex/Erth       3%         N/A       54%         4
 Passage of Golubria      Tloc           7%         N/A       54%         4
 Petrify                  Tmut/Erth      7%         N/A       54%         4
 Summon Cactus Giant      Summ           19%        N/A       71%         6
 Borgnjor's Vile Clutch   Necr/Erth      3%         N/A       87%         5
 Yara's Violent Unravell  Hex/Tmut       3%         3d4       87%         5
 Spellforged Servitor     Conj/Summ      15%        N/A       100%        7
 Shatter                  Erth           3%         3d7*      100%        9


Dungeon Overview and Level Annotations

Branches:
Dungeon (10/15)            Temple (1/1) D:7           Sewer (visited)
 Bailey (visited)
   Lair: D:8-11         Orc: D:9-12

Altars:
Ashenzari
Cheibriados
Dithmenos
Elyvilon
Fedhas
Gozag
Hepliaklqana
Kikubaaqudgha
Makhleb
Nemelex Xobeh
Okawaru
Qazlal
Ru
Sif Muna
Trog
Uskayaw
Vehumet
Wu Jian
Xom
Yredelemnul
Zin
The Shining One

Shops:
D:10 !

Annotations:
D:3 3 runed translucent doors, BrewmasterC's ghost, amateur OpSu; zzzz's ghost, amateur MiFi
D:10 1 runed translucent door, Sonja; lonewolfV2's ghost, journeyman MiFi


Innate Abilities, Weirdness & Mutations

You can breathe blasts of scalding, opaque steam.
Your pale cyan-grey scales are hard. (AC +7)
You cannot fit into any form of body armour.
You are cold-blooded and may be slowed by cold attacks.
You are immune to the effects of steam.
You have large cloven feet.
You are weak. (Str -2)


Message History

The sling bullet barely misses the cacodemon.
The sling bullet hits the orange demon!
The orange demon is almost dead.
The cacodemon hits you.
* * * LOW HITPOINT WARNING * * *
The cacodemon barely misses you.
The orange demon stings you but does no damage.
Fire: E) +1 sling (elec)
Press: ? - help, Q - select action, (/) - cycle Shift-Dir - straight line, f/p - orange demon
Aim: an orange demon (almost dead, 80% to hit)
You shoot a sling bullet. The sling bullet hits the cacodemon.
The cacodemon is moderately wounded.
Unknown command.
Fire: E) +1 sling (elec)
Press: ? - help, Q - select action, (/) - cycle Shift-Dir - straight line, f/p - orange demon
Aim: an orange demon (almost dead, 80% to hit)
You shoot a sling bullet. The sling bullet hits the cacodemon.
The cacodemon is moderately wounded.
The orange demon misses you.
The cacodemon hits you but does no damage.
The cacodemon hits you!
* * * LOW HITPOINT WARNING * * *
The neqoxec gestures at you.
Something tries to feed on your intellect!
Unknown command.
Fire: E) +1 sling (elec)
Press: ? - help, Q - select action, (/) - cycle Shift-Dir - straight line, f/p - orange demon
Aim: an orange demon (almost dead, 80% to hit)
You shoot a sling bullet. The sling bullet hits the cacodemon.
The cacodemon is heavily wounded.
The orange demon stings you but does no damage.
The cacodemon gestures at you.
You are confused.
The orange demon stings you but does no damage.
The cacodemon hits you but does no damage.
The cacodemon misses you. The orange demon misses you. The cacodemon hits you.
* * * LOW HITPOINT WARNING * * *
The cacodemon hits you!
You die...

. ## #..
# . . #.
# # .
....... #
.#.... .
.##.
#...#.#
#..#.#...
# #
.......#
##.#..
.._.
####@#
.#..
#.#2.# #
. .3.
#4#.
#...#
.....
...#. ..#
. ....##
..# #..
## #.


You could see a cacodemon, an orange demon and a neqoxec.

Vanquished Creatures
  2 two-headed ogres (D:9)
  A sixfirhy (Abyss:1)
  A smoke demon (Abyss:1)
  A kobold demonologist (D:8)
  2 unseen horror zombies (D:8)
  A hellwing (Abyss:1)
  2 flying skulls (Abyss:1)
  Sigmund (D:2)
  A wraith (D:5)
  6 humans (D:7)
  Grum (D:9)
  A steam dragon (D:10)
  Menkaure (D:6)
  An acid dragon (D:9)
  A large abomination (Abyss:1)
  A water moccasin (D:6)
  Pargi (Sewer)
  7 orc warriors
  A black bear (D:7)
  2 ice beasts
  A hornet zombie (D:8)
  An ogre (D:5)
  3 wolves (D:9)
  3 phantoms
  6 kobold brigands
  Blork the orc (D:4)
  5 bullfrogs
  2 scorpions
  3 wyvern zombies (D:8)
  18 wights
  13 killer bees
  A howler monkey (D:5)
  3 centaur zombies (D:8)
  A jelly (D:6)
  5 hounds
  3 orc priests
  3 iguanas
  3 starcursed masses (Abyss:1)
  3 gnoll boudas
  2 sleepcaps
  Jessica (D:3)
  Natasha (D:3)
  Terence (D:2)
  10 orc wizards
  4 killer bee zombies (D:8)
  5 howler monkey zombies (D:8)
  Robin (D:2)
  22 gnolls
  6 adders
  A river rat (D:3)
  A shadow imp (D:6)
  2 worms
  2 dart slugs (D:2)
  57 orcs
  4 bats
  9 endoplasms
  4 giant cockroaches
  20 goblins
  9 hobgoblins
  3 jackals (D:4)
  5 quokkas
  10 ball pythons
  A frilled lizard (D:2)
  33 kobolds
  28 rats
355 creatures vanquished.

Vanquished Creatures (others)
  A human (D:6)
  A lurking horror (Abyss:1)
2 creatures vanquished.

Grand Total: 357 creatures vanquished

Notes
Turn   | Place    | Note
-------+----------+-------------------------------------------
     0 | D:1      | pkoi the Draconian Hunter began the quest for the Orb.
     0 | D:1      | Reached XP level 1. HP: 17/17 MP: 1/1
    98 | D:1      | Reached skill level 4 in Ranged Weapons
   113 | D:1      | Reached XP level 2. HP: 24/24 MP: 2/2
   714 | D:1      | Reached XP level 3. HP: 29/29 MP: 3/3
   843 | D:2      | Reached skill level 1 in Stealth
  1008 | D:2      | Noticed Sigmund
  1020 | D:2      | Killed Sigmund
  1021 | D:2      | Reached skill level 5 in Ranged Weapons
  1021 | D:2      | Reached XP level 4. HP: 28/36 MP: 4/4
  1021 | D:2      | Reached XP level 5. HP: 32/41 MP: 5/5
  1134 | D:2      | Found a snail-covered altar of Cheibriados.
  1174 | D:2      | Became a worshipper of Cheibriados the Contemplative
  1227 | D:2      | Found a faded altar of an unknown god.
  1473 | D:2      | Noticed Robin
  1474 | D:2      | Reached * piety under Cheibriados
  1478 | D:2      | Killed Robin
  1523 | D:2      | Noticed Terence
  1530 | D:2      | Killed Terence
  1531 | D:2      | Reached XP level 6. HP: 37/48 MP: 6/6
  1802 | D:3      | Found a broken altar of Ashenzari.
  1879 | D:3      | Found a runed translucent gate.
  1879 | D:3      | Found a runed translucent gate.
  1880 | D:3      | Found a runed translucent gate.
  1941 | D:3      | Found a glowing drain.
  1952 | Sewer    | Entered a sewer
  1964 | Sewer    | Noticed Pargi
  1978 | Sewer    | Killed Pargi
  1979 | Sewer    | Reached skill level 6 in Ranged Weapons
  2023 | Sewer    | Reached ** piety under Cheibriados
  2191 | D:3      | Found a burning altar of Makhleb.
  2195 | D:3      | Found a glowing silver altar of Zin.
  2196 | D:3      | Noticed an angel
  2197 | D:3      | Noticed an Executioner
  2359 | D:3      | Your scales start taking on a pale cyan-grey colour.
  2359 | D:3      | Reached XP level 7. HP: 43/55 MP: 7/7
  2359 | D:3      | Gained mutation: You are immune to the effects of steam.
                  | [Pale Draconian growth]
  2489 | D:3      | Found a hide-covered altar of Uskayaw.
  2498 | D:3      | Noticed Jessica
  2507 | D:3      | Reached *** piety under Cheibriados
  2513 | D:3      | Killed Jessica
  2575 | D:3      | Learned a level 2 spell: Static Discharge
  2626 | D:3      | Noticed zzzz's ghost (amateur MiFi)
  2627 | D:3      | Noticed BrewmasterC's ghost (amateur OpSu)
  3121 | D:4      | Noticed Natasha
  3137 | D:3      | Reached skill level 5 in Stealth
  3140 | D:3      | Killed Natasha
  3466 | D:4      | Reached **** piety under Cheibriados
  3468 | D:4      | Reached skill level 1 in Air Magic
  3517 | D:4      | Found a white marble altar of Elyvilon.
  3665 | D:4      | Reached skill level 1 in Spellcasting
  3665 | D:4      | Reached skill level 1 in Conjurations
  3691 | D:4      | Noticed Blork the orc
  3698 | D:4      | Killed Blork the orc
  3972 | D:5      | Entered Level 5 of the Dungeon
  4039 | D:5      | Reached XP level 8. HP: 33/63 MP: 10/10
  4434 | D:5      | Found a shadowy altar of Dithmenos.
  4605 | D:5      | Reached skill level 7 in Ranged Weapons
  4688 | D:5      | Found a blossoming altar of Fedhas.
  4689 | D:5      | Found an ornate altar of the Wu Jian Council.
  4698 | D:5      | Found a radiant altar of Vehumet.
  4698 | D:5      | Found a sparkling altar of Nemelex Xobeh.
  5588 | D:6      | Reached ***** piety under Cheibriados
  5633 | D:6      | Reached XP level 9. HP: 71/71 MP: 13/13
  5839 | D:6      | Noticed Menkaure
  5843 | D:6      | Killed Menkaure
  5849 | D:6      | Learned a level 4 spell: Airstrike
  5854 | D:6      | Learned a level 4 spell: Summon Lightning Spire
  6097 | D:6      | Reached skill level 1 in Summonings
  6408 | D:6      | Reached skill level 5 in Fighting
  6457 | D:6      | Found an ancient bone altar of Kikubaaqudgha.
  6772 | D:7      | Found a staircase to the Ecumenical Temple.
  6798 | Temple   | Entered the Ecumenical Temple
  7115 | D:7      | Reached XP level 10. HP: 65/83 MP: 14/14
  7421 | D:7      | Identified a scroll of acquirement
  7465 | D:8      | Reached skill level 8 in Ranged Weapons
  7813 | D:8      | Reached skill level 5 in Dodging
  7880 | D:8      | Reached skill level 5 in Air Magic
  7942 | D:8      | Found Nokeiw's Assorted Antiques.
  8353 | D:8      | Reached ****** piety under Cheibriados
  8521 | D:9      | Noticed a two-headed ogre
  8839 | D:9      | Noticed a two-headed ogre
  8850 | D:9      | Killed a two-headed ogre
  8943 | D:9      | Killed a two-headed ogre
  8944 | D:9      | Reached XP level 11. HP: 66/89 MP: 18/18
  9038 | D:9      | Noticed Grum
  9061 | D:9      | Killed Grum
  9526 | D:10     | Entered Level 10 of the Dungeon
  9579 | D:10     | Noticed lonewolfV2's ghost (journeyman MiFi)
  9588 | D:10     | Found a runed translucent door.
  9633 | D:10     | Found Zoajo's Distillery.
  9639 | D:10     | Bought a potion of resistance for 150 gold pieces
  9640 | D:10     | Found a flagged portal.
  9667 | Bailey   | Entered a bailey
 10074 | Bailey   | Reached skill level 5 in Spellcasting
 10190 | Bailey   | Reached skill level 5 in Summonings
 10252 | Bailey   | Acquired 720 gold pieces
 10255 | Bailey   | Acquired the Treatise on Heavy Confrontation
 10257 | Bailey   | Noticed an orc knight
 10264 | D:10     | Noticed Sonja
 10271 | D:10     | Noticed a wolf spider
 10272 | Abyss:1  | Cast into level 1 of the Abyss (orc)
 10298 | Abyss:1  | Noticed an ancient lich
 10626 | Abyss:1  | Found a corrupted altar of Lugonu.
 10726 | Abyss:1  | Noticed a starcursed mass
 10746 | Abyss:1  | Reached skill level 9 in Ranged Weapons
 10753 | Abyss:1  | HP: 3/89 [starcursed mass/accursed screaming (5)]
 10754 | Abyss:1  | Killed a starcursed mass
 10758 | Abyss:1  | Killed a starcursed mass
 10973 | Abyss:1  | Found a corrupted altar of Lugonu.
 11002 | Abyss:1  | Noticed a sixfirhy
 11003 | Abyss:1  | Noticed a cacodemon
 11008 | Abyss:1  | Gained mutation: You have large cloven feet. [a cacodemon]
 11013 | Abyss:1  | Gained mutation: You are weak. (Str -2) [a cacodemon]
 11014 | Abyss:1  | Killed a sixfirhy
 11023 | Abyss:1  | HP: 4/89 [cacodemon (8)]
 11026 | Abyss:1  | HP: 1/89 [cacodemon (4)]
 11026 | Abyss:1  | Mangled by a cacodemon

Illustrated notes

Levels and vault maps discovered:
D:1:      roderic_crossed_star, layout_basic, glass_columns_a
D:2:      layout_basic, hellmonk_ecumenical_altar_inner_sanctum, basic_altar,
          minmay_misc_feat_columns, uniq_robin, uniq_terence, uniq_sigmund
D:3:      layout_loops_ring, grunt_temple_overflow_order_and_chaos_2,
          mainiacjoe_overflow_boulevard, nicolae_ashenzari_panopticon,
          portal_sewer_entry_e, gammafunk_ghost_cemetery, st_stairs_7,
          minmay_rat_hole, uniq_jessica
D:4:      layout_basic, elyvilon_altar_5, uniq_blork_the_orc, uniq_natasha
D:5:      layout_basic, grunt_temple_overflow_open
D:6:      layout_loops_corners, tgw_kikubaaqudgha, uniq_menkaure
D:7:      hellmonk_destroyed_diamonds, layout_cave_pools,
          minmay_temple_entry_proselytizer, minmay_ruffians
D:8:      layout_loops_cross, serial_shops,
          nicolae_shop_temple_entry_statues_fountains, serial_undead,
          serial_undead_a, serial_undead_b, serial_undead_e, serial_undead_d,
          serial_undead_f, serial_undead_f, serial_undead_b, serial_undead_d,
          serial_undead_c, serial_undead_d, st_stairs_11
D:9:      layout_rooms, uniq_grum
D:10:     layout_cave_pools, cheibrodos_worm_habitat, hiddenorc1_lemuel,
          serial_shops, shop, enter_bailey_5, hellmonk_ghost_happy_afterlife,
          kb_rosetta, uniq_sonja
Temple:   nicolae_temple_bog_church
Abyss:1:  base: D:3, bh_silent_lugonu_exit, evilmike_abyss_exit_chaos

Skill      XL: |  1  2  3  4  5  6  7  8  9 10 11 |
---------------+----------------------------------+-----
Ranged Weapons | 4 5 6 7 8 9 |  9.1
Stealth        | 3 4 5 6 7 8 |  8.5
Dodging        | 2 3 4 5 6 |  6.0
Air Magic      | 2 3 4 6 |  6.9
Spellcasting   | 1 2 3 4 5 |  5.4
Conjurations   | 1 3 |  3.0
Fighting       | 3 4 5 6 |  6.0
Summonings     | 2 4 5 |  5.4

Action                     |  1- 3 |  4- 6 |  7- 9 | 10-12 || total
---------------------------+-------+-------+-------+-------++-------
   Fire: Shortbow          |    88 |   195 |   488 |       ||   771
         Sling             |       |       |       |   507 ||   507
Ability: Breathe Steam     |       |       |    12 |    17 ||    29
    Use: Potion            |     1 |     5 |       |     3 ||     9
         Scroll            |     1 |     4 |     7 |    11 ||    23
 Armour: Skin              |     6 |    46 |   112 |   164 ||   328
  Dodge: Dodged            |    20 |    75 |   208 |   422 ||   725
